 Dungeon Crawl Stone Soup version 0.26.1-10-gdfb7c7de75 (webtiles) character file.

Game seed: 17981278988977532251

29 Chiseanne the Magician (level 3, 21/24 HPs)
             Began as a Demonspawn Hedge Wizard on Apr 12, 2021.
             Quit the game on level 2 of the Dungeon.
             The game lasted 00:01:56 (1401 turns).

Chiseanne the Magician (Demonspawn Hedge Wizard)    Turns: 1401, Time: 00:01:57

Health: 21/24      AC:  2    Str: 10    XL:     3   Next: 1%
Magic:  0/8        EV: 12    Int: 16    God:
Gold:   74         SH:  0    Dex: 14    Spells: 6/9 levels left

rFire    . . .     SeeInvis .   a - +1 dagger (venom)
rCold    . . .     Faith    .   (no shield)
rNeg     . . .     Spirit   .   b - +0 robe
rPois    .         Reflect  .   c - +0 hat
rElec    .         Harm     .   (no cloak)
rCorr    .         Rampage  .   (no gloves)
Will     .....                  (no boots)
Stlth    +++.......             m - amulet of regeneration
HPRegen  0.48/turn              (no ring)
MPRegen  0.11/turn              (no ring)

@: no status effects
A: antennae 1, thin skeletal structure 1
a: no special abilities


You were on level 2 of the Dungeon.
You visited 1 branch of the dungeon, and saw 2 of its levels.

You collected 74 gold pieces.

Inventory:

Hand Weapons
 a - a +1 dagger of venom (weapon)
 i - a +0 club
Missiles
 e - 70 stones
 f - 14 bolts
 n - 5 boomerangs
Armour
 b - a +0 robe (worn)
 c - a +0 hat (worn)
Jewellery
 m - an amulet of regeneration (around neck)
Scrolls
 g - a scroll of random uselessness {unknown}
 o - a scroll of immolation {unknown}
Potions
 j - a potion of haste {unknown}
 k - a potion of heal wounds {unknown}
 l - a potion of ambrosia {unknown}
 p - a potion of cancellation


   Skills:
 - Level 1.7 Dodging
 - Level 1.7 Stealth
 * Level 3.5 Spellcasting
 * Level 2.2 Conjurations
 - Level 1.0 Summonings
 - Level 0.8 Translocations


You had 6 spell levels left.
You knew the following spells:

 Your Spells              Type           Power        Failure   Level
a - Magic Dart            Conj           36%          7%          1
b - Blink                 Tloc           N/A          19%         2

Your spell library contained the following spells:

 Spells                   Type           Power        Failure   Level
 Call Imp                 Summ           6%           19%         2
 Slow                     Hex            2%           26%         2
 Conjure Flame            Conj/Fire      6%           34%         3
 Mephitic Cloud           Conj/Pois/Air  5%           36%         3


Dungeon Overview and Level Annotations

Branches:
Dungeon (2/15)

Altars:


Innate Abilities, Weirdness & Mutations

You have a pair of small antennae on your head.
You have a somewhat thin skeletal structure. (Dex +2, Stealth)


Message History

The worm bites you but does no damage.
You barely miss the worm.
The worm is heavily wounded.
The worm barely misses you.
Casting: Magic Dart (safe; 8% risk of failure)
Confirm with . or Enter, or press ? or * to list all spells.
Aiming: Magic Dart (safe; 8% risk of failure)
Press: ? - help, Shift-Dir - straight line, f/p - worm
Aim: a worm (severely wounded, poisoned, 0% to evade)
The magic dart hits the worm.
The worm is almost dead.
A worm is nearby!
You kill the worm!
Your magical contamination has completely faded away.
You have reached level 3!
Your experience leads to an increase in your attributes!
Increase (s)trength, (i)ntelligence, or (d)exterity?
You feel clever.
Your demonic ancestry asserts itself...
A pair of antennae grows on your head!
Are you sure you want to abandon this character and quit the game? (Confirm with "yes".)

................#
................#
...#..........##
..........#...##
....#..##..#####
... ##....†#...##
. ##.........##
#.......<...#
#.......@...#
#........!..#
##.........##
##...#...##
#########


There were no monsters in sight!

Vanquished Creatures
  A worm (D:2)
  A dart slug (D:1)
  A leopard gecko (D:1)
  3 goblins (D:1)
  3 hobgoblins (D:1)
  3 kobolds (D:1)
  A ball python (D:1)
  3 bats (D:1)
  4 frilled lizards (D:1)
  3 rats
23 creatures vanquished.

Notes
Turn   | Place    | Note
-------+----------+-------------------------------------------
     0 | D:1      | Chiseanne the Demonspawn Hedge Wizard began the quest for
                  | the Orb.
     0 | D:1      | Reached XP level 1. HP: 13/13 MP: 4/4
   427 | D:1      | Gained mutation: You have a somewhat thin skeletal
                  | structure. (Dex +2, Stealth) [demonic ancestry]
   427 | D:1      | Reached XP level 2. HP: 19/19 MP: 3/6
  1374 | D:2      | Learned a level 2 spell: Blink
  1401 | D:2      | Gained mutation: You have a pair of small antennae on your
                  | head. [demonic ancestry]
  1401 | D:2      | Reached XP level 3. HP: 21/24 MP: 0/8
  1401 | D:2      | Quit the game

Illustrated notes

Levels and vault maps discovered:
D:1:      tarquinn_simple_flora_water_b, layout_loops_ring, minmay_cut_off
D:2:      layout_rooms, grunt_temple_overflow_opulence, old_standard_altar

Skill      XL: |  1  2 |
---------------+-------+-----
Conjurations   | 2 |  2.2
Dodging        | |  1.7
Stealth        | |  1.7
Spellcasting   | |  3.5
Summonings     | |  1.0
Translocations | |  0.8

Action                   || total
-------------------------++-------
Melee: Dagger            ||    23
 Cast: Magic Dart        ||    45
  Use: Scroll            ||     3
Armor: Robe              ||     4
Dodge: Dodged            ||    20
